 Dungeon Crawl Stone Soup version 0.32-a0-128-g77eb882 (webtiles) character file.

Game seed: 1510223153086674444

7166 Dorkslayer the Covert (level 11, -2/72 HPs)
             Began as an Octopode Fighter on Feb 6, 2024.
             Was a Believer of Dithmenos.
             Slain by a troll (18 damage)
             ... on level 10 of the Dungeon on Feb 7, 2024.
             The game lasted 00:33:30 (8825 turns).

Dorkslayer the Covert (Octopode Fighter)            Turns: 8825, Time: 00:33:31

Health: -2/72      AC:  1    Str: 26    XL:     11   Next: 11%
Magic:  11/11      EV: 14    Int: 11    God:    Dithmenos [**....]
Gold:   546        SH:  9    Dex: 11    Spells: 10/10 levels left

rFire   + . .        t - +8 trident of the Octopus King {venom, rElec rPois}
rCold   . . .        l - +0 kite shield
rNeg    . . .        (helmet restricted)
rPois   +            w - amulet of the acrobat
rElec   +            f - ring of protection from fire
rCorr   .            y - +6 ring of strength
SInv    .            (no ring)
Will    .....        (no ring)
Stlth   ++++++       (no ring)
HPRegen 0.32/turn    (no ring)
MPRegen 0.12/turn    (no ring)
                     (no ring)

%: acrobat
@: wreathed by umbra
A: almost no armour, amphibious, 8 rings, camouflage 1, gelatinous body 1,
(nimble swimmer 1), tentacles
a: Renounce Religion, Shadow Step


You were on level 10 of the Dungeon.
You worshipped Dithmenos.
Dithmenos was pleased with you.
You visited 2 branches of the dungeon, and saw 11 of its levels.

You collected 546 gold pieces.

Inventory:

Hand Weapons
 a - the +6 spear of Tanow {flame, rPois MP-9 Dex+4}
   (You found it on level 2 of the Dungeon)

   Dex+4:     It affects your dexterity (+4).
   rPois:     It protects you from poison MP-9: It affects your magic capacity
   (-9).
 s - a +1 demon blade of freezing
 t - the +8 trident of the Octopus King (weapon) {venom, rElec rPois}
   (You found it on level 8 of the Dungeon)

   rElec:     It insulates you from electricity.
   rPois:     It protects you from poison
 v - a +3 spear
Missiles
 g - 4 throwing nets
 x - 6 datura-tipped darts
Armour
 l - a +0 kite shield (worn)
Magical Staves
 b - the staff "Noebby" {rN+ Will++ SInv Stlth+ Conj Necro}
   (You found it on level 9 of the Dungeon)

   [staff of death]

   Base accuracy: +5 Base damage: 5 Base attack delay: 1.2 This weapon's minimum
   attack delay (0.6) is reached at skill level 12.
   rN+:       It protects you from negative energy.
   Will++:    It greatly increases your willpower.
   SInv:      It lets you see invisible.
   Stlth+:    It makes you more stealthy.
   Conj:      It increases the power of your Conjurations spells.
   Necro:     It increases the power of your Necromancy spells.
   It falls into the 'Staves' category.
   It is a one-tentacled weapon.
Jewellery
 f - a ring of protection from fire (left tentacle)
 w - an amulet of the acrobat (around mantle)
 y - a +6 ring of strength (right tentacle)
Wands
 c - a wand of mindburst (6)
 e - a wand of flame (16)
 q - a wand of roots (3)
 z - a wand of acid (8)
 C - a wand of paralysis (6)
Scrolls
 j - a scroll of teleportation
 k - 2 scrolls of fog
 m - 2 scrolls of immolation
 p - 2 scrolls of brand weapon
 A - 2 scrolls of enchant weapon
 B - a scroll of revelation
 D - a scroll of amnesia
 E - a scroll of fear
Potions
 d - a potion of magic {unknown}
 i - a potion of resistance {unknown}
 n - 2 potions of enlightenment
 o - a potion of berserk rage
 r - 3 potions of brilliance
Miscellaneous
 u - a box of beasts


   Skills:
 + Level 6.2 Fighting
 + Level 8.0 Polearms
 + Level 3.6 Throwing
 * Level 7.3 Dodging
 + Level 8.2 Stealth
 + Level 5.5 Shields
 * Level 7.4 Unarmed Combat
 * Level 4.4 Evocations


You had 10 spell levels left.
You didn't know any spells.
Your spell library contained the following spells:

 Spells                   Type           Power      Damage    Failure   Level
 Blink                    Tloc           0%         N/A       71%         2
 Call Imp                 Summ           0%         N/A       71%         2
 Cigotuvi's Dreadful Rot  Necr/Alch/Air  0%         N/A       71%         2
 Ensorcelled Hibernation  Hex/Ice        0%         N/A       71%         2
 Lesser Beckoning         Tloc           0%         N/A       71%         2
 Mercury Vapours          Alch/Air       0%         N/A       71%         2
 Momentum Strike          Conj/Tloc      0%         3d8       71%         2
 Sublimation of Blood     Necr           0%         N/A       71%         2
 Fugue of the Fallen      Necr           0%         N/A       90%         3
 Gell's Gravitas          Tloc           0%         N/A       90%         3
 Hailstorm                Conj/Ice       0%         3d5       90%         3
 Mephitic Cloud           Conj/Alch/Air  0%         N/A       90%         3
 Teleport Other           Tloc           0%         N/A       90%         3
 Volatile Blastmotes      Fire/Tloc      0%         2d10      90%         3
 Anguish                  Hex/Necr       0%         N/A       100%        4
 Fulminant Prism          Conj/Alch      0%         3d5       100%        4
 Iskenderun's Mystic Bla  Conj/Tloc      0%         2d3       100%        4
 Freezing Cloud           Conj/Ice/Air   0%         6-21      100%        5
 Sculpt Simulacrum        Ice/Alch       0%         N/A       100%        6
 Ozocubu's Refrigeration  Ice            0%         4d7       100%        7
 Summon Hydra             Summ           0%         N/A       100%        7
 Chain Lightning          Conj/Air       0%         N/A       100%        9
 Polar Vortex             Ice            0%         N/A       100%        9


Dungeon Overview and Level Annotations

Branches:
Dungeon (10/15)            Temple (1/1) D:7
   Lair: D:8-11         Orc: D:9-12

Altars:
Ashenzari
Cheibriados
Dithmenos
Elyvilon
Fedhas
Gozag
Hepliaklqana
Kikubaaqudgha
Makhleb
Nemelex Xobeh
Okawaru
Qazlal
Ru
Sif Muna
Trog
Uskayaw
Vehumet
Wu Jian
Xom
Yredelemnul
Zin
The Shining One

Shops:
D:8 (


Innate Abilities, Weirdness & Mutations

You cannot wear most types of armour.
You are amphibious.
You can wear up to eight rings at the same time.
Your skin changes colour to match your surroundings (Stealth+).
Your rubbery body absorbs attacks. (AC +1, EV +1)
((You are camouflaged when in or above water. (Stealth+)))
You have tentacles for arms and can constrict up to eight enemies at once.


Message History

Things that are here:
a scroll of fear; a scroll of enchant weapon
A - 2 scrolls of enchant weapon (gained 1)
E - a scroll of fear Throw: javelin
Press: ? - help, Q - select action, (/) - cycle Shift-Dir - straight line, f - troll
Aim: a troll (57% to hit)
Okay, then.
Throw: javelin
Press: ? - help, Q - select action, (/) - cycle Shift-Dir - straight line, f - troll
Aim: a troll (umbra, 57% to hit)
You throw a javelin.
The javelin pierces through the troll but does no damage.
The javelin pierces through the wraith but does no damage.
You hit the troll.
The troll is poisoned.
The troll is lightly wounded.
The troll bites you! You block the troll's attack.
The troll claws you but does no damage.
You completely miss the troll.
The troll is lightly wounded.
The troll bites you! The troll claws you! You block the troll's attack.
You hit the troll.
The troll is moderately wounded.
The troll closely misses you. The troll barely misses you. The troll claws you!
* * * LOW HITPOINT WARNING * * *
You barely miss the troll.
The troll is moderately wounded.
The troll bites you.
* * * LOW HITPOINT WARNING * * *
The troll barely misses you. You block the troll's attack.
You puncture the troll!
You squeeze the troll, but do no damage.
The troll is heavily wounded.
You block the troll's attack. The troll barely misses you.
You block the troll's attack.
Okay, then.
You hit the troll. You squeeze the troll!
The troll is severely wounded.
The troll bites you!!
You die...

#...^..)..........#
#.................#
#.................#
#................<#
#########.................#
...........................
...........................
...........................
##########@################
#T# #W# #.# #.# #.# ... .(.
..#


You could see a troll (very poisoned) and a wraith.

Vanquished Creatures
  A two-headed ogre (D:9)
  The ghost of MrRush the Covered, a novice MiFi of Okawaru (D:9)
  A gargoyle (D:9)
  2 hornets (D:7)
  Sigmund (D:4)
  A vampire (D:8)
  A wraith (D:7)
  2 steam dragons
  Menkaure (D:6)
  3 water moccasins
  Duvessa (D:4)
  An ice beast (D:7)
  2 black bears (D:7)
  2 orc warriors
  3 ogres
  3 centaurs
  9 phantoms
  3 kobold brigands
  A gnoll sergeant (D:9)
  A bullfrog (D:7)
  7 scorpions
  6 wights
  Dowan (D:4)
  4 killer bees (D:9)
  4 centaur zombies (D:7)
  A howler monkey (D:8)
  2 bombardier beetles
  2 hounds
  4 iguanas
  5 orc priests
  2 scorpion zombies (D:7)
  6 sleepcaps
  6 orc wizards
  4 killer bee zombies (D:7)
  Robin (D:4)
  6 gnolls
  10 adders
  9 shadow imps (D:7)
  2 white imps
  A dart slug (D:1)
  2 ribbon worms
  19 orcs
  7 ball pythons
  5 bats
  7 endoplasms
  4 giant cockroaches
  16 goblins
  7 hobgoblins
  4 jackals
  13 kobolds
  2 quokkas
  2 frilled lizards
  9 rats
220 creatures vanquished.

Vanquished Creatures (collateral kills)
  2 kobolds (D:6)
2 creatures vanquished.

Grand Total: 222 creatures vanquished

Notes
Turn   | Place    | Note
-------+----------+-------------------------------------------
     0 | D:1      | Dorkslayer the Octopode Fighter began the quest for the
                  | Orb.
     0 | D:1      | Reached XP level 1. HP: 16/16 MP: 1/1
   120 | D:1      | Reached XP level 2. HP: 20/21 MP: 2/2
   387 | D:1      | Reached XP level 3. HP: 26/26 MP: 3/3
   858 | D:2      | Found an ancient bone altar of Kikubaaqudgha.
   933 | D:2      | Reached XP level 4. HP: 31/31 MP: 4/4
  1035 | D:2      | Identified the +6 spear of Tanow {flame, rPois MP-9 Dex+4}
  1619 | D:3      | Reached skill level 1 in Stealth
  1619 | D:3      | Reached XP level 5. HP: 36/36 MP: 0/5
  1815 | D:3      | Reached skill level 1 in Polearms
  2096 | D:4      | Noticed Duvessa
  2099 | D:4      | Noticed Dowan
  2100 | D:4      | Noticed Robin
  2251 | D:4      | Killed Robin
  2261 | D:4      | Killed Dowan
  2274 | D:4      | Killed Duvessa
  2275 | D:4      | Reached XP level 6. HP: 34/42 MP: 0/6
  2418 | D:4      | Noticed Sigmund
  2429 | D:4      | Killed Sigmund
  2430 | D:4      | Reached XP level 7. HP: 24/46 MP: 0/7
  2678 | D:4      | Upgraded the game from 0.32-a0-119-g2e8054a to
                  | 0.32-a0-126-g9fbf7fb
  3030 | D:5      | Entered Level 5 of the Dungeon
  3037 | D:5      | Reached skill level 1 in Throwing
  3055 | D:5      | Upgraded the game from 0.32-a0-126-g9fbf7fb to
                  | 0.32-a0-128-g77eb882
  3543 | D:5      | Reached XP level 8. HP: 48/54 MP: 0/8
  3821 | D:6      | Reached skill level 5 in Stealth
  3821 | D:6      | Reached skill level 5 in Unarmed Combat
  4238 | D:6      | Found a radiant altar of Vehumet.
  4238 | D:6      | Found an iron altar of Okawaru.
  4244 | D:6      | Found a stormy altar of Qazlal.
  4246 | D:6      | Found an ancient bone altar of Kikubaaqudgha.
  4247 | D:6      | Found a sacrificial altar of Ru.
  4252 | D:6      | Reached skill level 5 in Polearms
  4467 | D:6      | Noticed Menkaure
  4497 | D:6      | Reached XP level 9. HP: 54/59 MP: 0/9
  4587 | D:6      | Reached skill level 5 in Dodging
  4594 | D:6      | Killed Menkaure
  4610 | D:6      | Found a hide-covered altar of Uskayaw.
  5012 | D:7      | Found a staircase to the Ecumenical Temple.
  5056 | Temple   | Entered the Ecumenical Temple
  5082 | Temple   | Became a worshipper of Dithmenos the Shadowed
  5244 | D:7      | Reached skill level 1 in Evocations
  5758 | D:7      | Reached skill level 5 in Fighting
  5852 | D:7      | Reached * piety under Dithmenos
  5853 | D:7      | Reached skill level 5 in Shields
  5867 | D:7      | Reached XP level 10. HP: 55/66 MP: 1/10
  6794 | D:7      | Got the Thoughts on Thunder
  6993 | D:8      | Reached ** piety under Dithmenos
  7277 | D:8      | Found Miek's Antique Weapon Shoppe.
  7530 | D:8      | Found the +8 trident of the Octopus King {venom, rElec
                  | rPois}
  7821 | D:9      | Noticed a two-headed ogre
  7837 | D:9      | Killed a two-headed ogre
  8473 | D:9      | Found a runed translucent door.
  8478 | D:9      | Noticed MrRush's ghost (novice MiFi)
  8498 | D:9      | Noticed a gargoyle
  8513 | D:9      | Killed MrRush's ghost
  8514 | D:9      | Reached XP level 11. HP: 65/72 MP: 11/11
  8519 | D:9      | Identified the staff "Noebby" {rN+ Will++ SInv Stlth+ Conj
                  | Necro}
  8783 | D:10     | Entered Level 10 of the Dungeon
  8788 | D:10     | Got the Anthology of Twisted Striking
  8825 | D:10     | Slain by a troll

Illustrated notes

Levels and vault maps discovered:
D:1:      minmay_arrival_four_houses, layout_basic
D:2:      layout_loops_ring, basic_altar
D:3:      layout_basic, serial_bayou_pond_a
D:4:      layout_loops_cross, uniq_duvessa, uniq_robin, uniq_sigmund
D:5:      layout_gridville
D:6:      layout_loops_ring, chequers_temple_overflow_minitemple,
          nicolae_uskayaw_suspiria, nicolae_twisty_statue_hallways,
          uniq_menkaure
D:7:      bobbens_index_wilting_gardens, layout_rooms, temple_statues,
          serial_aquarium, aquarium_bridge_square [aquarium_subvault_bridge,
          aquarium_subvault_window, aquarium_subvault_wall,
          aquarium_subvault_bridge], aquarium_window_fake, aquarium_window_2,
          aquarium_view_2g, aquarium_balcony_5a, aquarium_pool_side,
          serial_park_tiny_pond
D:8:      layout_basic, serial_shops, shop
D:9:      layout_roguey, ebering_ghost_inner_flame
D:10:     minmay_smoke_and_mirrors, layout_long_grid, orc_0_dummy
Temple:   regret_index_temple_sphere_string

Skill      XL: |  1  2  3  4  5  6  7  8  9 10 11 |
---------------+----------------------------------+-----
Unarmed Combat | 3 4 5 6 7 |  7.4
Stealth        | 1 2 3 4 6 7 8 |  8.2
Polearms       | 2 3 4 5 6 7 8 |  8.0
Throwing       | 1 2 3 |  3.6
Dodging        | 4 6 7 |  7.3
Shields        | 4 5 |  5.5
Fighting       | 4 5 6 |  6.2
Evocations     | 2 4 |  4.4

Action                     |  1- 3 |  4- 6 |  7- 9 | 10-12 || total
---------------------------+-------+-------+-------+-------++-------
  Melee: Unarmed           |    76 |     4 |       |       ||    80
         Tentacles         |    24 |    13 |    50 |    40 ||   127
         Constrict         |    21 |    13 |    36 |    24 ||    94
         Punch             |     4 |     2 |    17 |    13 ||    36
         Spear             |       |    80 |   217 |   121 ||   418
         Trident           |       |       |       |    79 ||    79
  Throw: Javelin           |       |     5 |     7 |     5 ||    17
         Boomerang         |       |     2 |    28 |       ||    30
         Throwing net      |       |       |     1 |       ||     1
         Dart              |       |       |     3 |       ||     3
    Use: Potion            |       |     1 |     8 |    10 ||    19
         Scroll            |       |       |    17 |     6 ||    23
   Stab: Sleeping          |     4 |     5 |    13 |    11 ||    33
         Held in net/web   |       |       |     1 |       ||     1
         Distracted        |       |       |     1 |     2 ||     3
         Invisible         |       |       |       |     3 ||     3
 Armour: Skin              |    17 |    28 |    84 |    66 ||   195
  Dodge: Dodged            |    43 |    21 |    68 |    91 ||   223
  Block: Buckler           |    13 |       |       |       ||    13
         Kite shield       |       |    31 |    58 |    61 ||   150

Table legend: (Time is in decaauts)
 A = Elapsed time spent in this place.
 B = Non-inter-level travel time spent in this place.
 C = Inter-level travel time spent in this place.
 D = Time resting spent in this place.
 E = Time spent auto-exploring this place.
 F = Levels seen in this place.
 G = Mean time per level.
                   A        B        C        D        E       F      G
               +--------+--------+--------+--------+--------+-----+--------+
         Total |   8813 |   8809 |      4 |    769 |   4353 |  11 |  801.2 |
       Dungeon |   8762 |   8758 |      4 |    769 |   4353 |  10 |  876.2 |
        Temple |     51 |     51 |      0 |      0 |      0 |   1 |   51.0 |
               +--------+--------+--------+--------+--------+-----+--------+

Top non-repeatable levels by time:
     D:7: 2237 daAuts
     D:9: 1021 daAuts
     D:6: 999 daAuts
     D:4: 824 daAuts
     D:3: 811 daAuts
     D:5: 735 daAuts
     D:2: 730 daAuts
     D:1: 682 daAuts
     D:8: 678 daAuts
  Temple: 51 daAuts
    D:10: 42 daAuts
